 Dungeon Crawl Stone Soup version 0.14-a0-1361-g0512ea0 (webtiles) character file.

133 4tharraofdagon the Chiller (level 4, -5/30 HPs)
             Began as a Mummy Ice Elementalist on Dec 7, 2013.
             Killed by divine providence
             ... invoked by an orc priest
              (14 damage)
             ... on Level 4 of the Dungeon.
             The game lasted 00:05:23 (712 turns).

4tharraofdagon the Chiller (Mummy Ice Elementalist)  Turns: 712, Time: 00:05:23

HP  -5/30        AC  6     Str 11      XL: 4   Next:  4%
MP   8/8         EV 10     Int 15      God:
Gold 63          SH  0     Dex 12      Spells:  3 memorised,  1 level left

rFire  x . .     SeeInvis .     m - staff of cold
rCold  + + .     Clarity  .     l - +0 orc leather armour
rNeg   + + +     Conserve .     (no shield)
rPois  +         rCorr    .     (no helmet)
rElec  .         rRot     +     (no cloak)
SustAb + .       Spirit   .     (no gloves)
rMut   .         Warding  .     (no boots)
Saprov . . .     Stasis   .     (no amulet)
                                i - +3 ring of protection
                                n - ring of sustain abilities {unknown}

@: about to teleport, slightly resistant to hostile enchantments, unstealthy
A: no food or potions, fire vulnerability, restore body, cold resistance 1, life
protection 3, poison resistance, torment resistance, unbreathing
a: no special abilities


You were on level 4 of the Dungeon.
You were not hungry.

You visited 1 branch of the dungeon, and saw 5 of its levels.

You collected 63 gold pieces.

Inventory:

Hand weapons
 e - a +2,+1 dagger
Missiles
 f - a dart of frost (quivered)
Armour
 a - a +0 robe
 l - a +0 orcish leather armour (worn)
Scrolls
 c - a scroll of enchant weapon I
 g - a scroll of remove curse {unknown}
 k - 2 scrolls of enchant weapon II
Jewellery
 h - an uncursed ring of positive energy {unknown}
 i - a +3 ring of protection (right hand)
 j - an uncursed ring of positive energy {unknown}
 n - a ring of sustain abilities (left hand) {unknown}
Books
 b - a book of Frost

   Spells                             Type                      Level
   *Freeze                            Ice                          1
   *Throw Frost                       Conjuration/Ice              2
   Ozocubu's Armour                   Charms/Ice                   3
   *Throw Icicle                      Conjuration/Ice              4
   Summon Ice Beast                   Ice/Summoning                4
   Condensation Shield                Ice                          4
Magical staves
 m - an uncursed staff of cold (weapon)


   Skills:
 - Level 1.5 Dodging
 - Level 1.5 Stealth
 + Level 2.9 Spellcasting
 - Level 0.7 Conjurations
 * Level 3.5 Ice Magic


You had one spell level left.
You knew the following spells:

 Your Spells              Type           Power        Failure   Level  Hunger
a - Freeze                Ice            ###.         6%          1    N/A
b - Throw Frost           Conj/Ice       ##....       14%         2    N/A
c - Throw Icicle          Conj/Ice       ##......     87%         4    N/A

Dungeon Overview and Level Annotations

Branches:
Dungeon (5/16)
 Temple: D:4-7

Altars:

Annotations:
D:5 4tharraofdagon's ghost, weakling DsFE


Innate Abilities, Weirdness & Mutations

You do not eat or drink.
Your flesh is vulnerable to fire.
Your flesh is cold resistant.
You are immune to negative energy.
Your system is resistant to poisons.
You are immune to unholy pain and torment.
You can survive without breathing.


Message History

The orc priest mumbles some strange prayers to Beogh against you.
Something smites you!
* * * LOW HITPOINT WARNING * * *
Read which item? (? for menu, Esc to quit)
As you read the scroll labeled QENUJ SMAECO, it crumbles to dust.
You feel aware of your surroundings.
You sensed 1 altar, and 2 shops/portals.
It was a scroll of magic mapping.
The goblin barely misses you.
Unknown command.
Unknown command.
Read which item? (? for menu, Esc to quit)
As you read the scroll labeled FENTUDY POUSH, it crumbles to dust.
You feel strangely unstable.
It was a scroll of teleportation.
The goblin hits you but does no damage.
Unknown command.
Unknown command.
Unknown command.
The orc priest calls down the wrath of Beogh upon you.
Something smites you!
You die...

*********###############*********
,,,,,,,,,...............,,,,,,,,,
,,>,,,,,.%............#**#..,,,,,
,,,,*,,,,,,****#@.....#,,#.#*****
*,,***,,,,,* #g.....#,,#.#
,,**,*+,,,,* #......#,,#.#
,**,∩,**o,,* #o.....#,,#.#
,,**,**,...#####......#,,+.#
*,,***,.o.o...........####.#
**,,*,,..!.................######
***,,,,.................8...8....
* ***,,,.........................


You could see an orc priest and a goblin.

Vanquished Creatures
  A hound (D:4)
  An adder (D:2)
  A giant gecko (D:3)
  An orc (D:5)
  2 giant cockroaches
  2 goblins
  3 hobgoblins
  A quokka (D:5)
  A ball python (D:2)
  2 bats (D:2)
  A giant newt (D:1)
  A goblin zombie (D:5)
  A hobgoblin zombie (D:4)
  7 kobolds
  4 rats
29 creatures vanquished.

Notes
Turn   | Place    | Note
--------------------------------------------------------------
     0 | D:1      | 4tharraofdagon, the Mummy Ice Elementalist, began the quest for the Orb.
     0 | D:1      | Reached XP level 1. HP: 13/13 MP: 3/3
     6 | D:1      | Noticed a death drake
     6 | D:1      | Noticed a spiny worm
     6 | D:1      | Noticed a queen ant
     6 | D:1      | Noticed a yaktaur captain
   146 | D:2      | Reached XP level 2. HP: 17/19 MP: 1/5
   214 | D:2      | Reached skill level 3 in Ice Magic
   422 | D:3      | Reached XP level 3. HP: 11/24 MP: 1/6
   460 | D:5      | Entered Level 5 of the Dungeon
   562 | D:5      | Daniel: lol
   565 | D:5      | Learned a level 2 spell: Throw Frost
   574 | D:5      | Noticed 4tharraofdagon's ghost (weakling DsFE)
   582 | D:5      | Daniel: lol
   615 | D:4      | Reached XP level 4. HP: 8/30 MP: 0/8
   633 | D:4      | Learned a level 4 spell: Throw Icicle
   712 | D:4      | Killed from afar by an orc priest

Action                   |  1- 3 |  4- 6 || total
-------------------------+-------+-------++-------
Melee: Unarmed           |    11 |       ||    11
       Dagger            |    30 |       ||    30
Throw: Dart              |     1 |       ||     1
 Cast: Freeze            |    42 |     1 ||    43
  Use: Scroll            |       |     5 ||     5
 Stab: Sleeping          |     1 |       ||     1
